 Dungeon Crawl Stone Soup version 0.23.2-1-ga50397a (webtiles) character file.

Game seed: 11065635169398334315

51 goulibeur the Skirmisher (level 3, -6/33 HPs)
             Began as a Draconian Berserker on May 21, 2019.
             Was a Follower of Trog.
             Mangled by a gnoll
             ... wielding a +4 flail
              (10 damage)
             ... on level 3 of the Dungeon.
             The game lasted 00:05:00 (2589 turns).

goulibeur the Skirmisher (Draconian Berserker)      Turns: 2589, Time: 00:05:01

Health: -6/33      AC:  6    Str: 19    XL:     3   Next: 57%
Magic:  3/3        EV: 13    Int:  7    God:    Trog [*.....]
Gold:   114        SH:  0    Dex: 11    Spells: 2/2 levels left

rFire    . . .     SeeInvis .   a - +0 mace
rCold    . . .     Gourm    .   (no shield)
rNeg     . . .     Faith    .   (armour unavailable)
rPois    .         Spirit   .   (helmet restricted)
rElec    .         Reflect  .   (no cloak)
rCorr    .         Harm     .   (no gloves)
MR       .....                  p - +0 pair of boots
Stlth    +.........             (no amulet)
HPRegen  0.11/turn              (no ring)
MPRegen  0.08/turn              (no ring)

@: no status effects
A: unfitting armour, cold-blooded, AC +5
a: Berserk, Renounce Religion


You were on level 3 of the Dungeon.
You worshipped Trog.
Trog was aware of your devotion.
You were not hungry.

You visited 1 branch of the dungeon, and saw 3 of its levels.

You collected 114 gold pieces.

Inventory:

Hand Weapons
 a - a +0 mace (weapon)
Armour
 p - a +0 pair of boots (worn)
Jewellery
 m - an uncursed ring of wizardry {unknown}
Scrolls
 d - 4 scrolls of identify {unknown}
 f - a scroll of magic mapping {unknown}
 h - 2 scrolls of fog {unknown}
 i - 3 scrolls of remove curse {unknown}
 j - 2 scrolls of amnesia {unknown}
 o - a scroll of immolation {unknown}
Potions
 c - a potion of ambrosia {unknown}
 e - a potion of cancellation {unknown}
 g - a potion of brilliance {unknown}
 k - a potion of curing {unknown}
 l - 2 potions of heal wounds {unknown}
 n - a potion of invisibility {unknown}
Comestibles
 b - 9 rations


   Skills:
 + Level 3.8 Fighting
 + Level 3.4 Maces & Flails
 + Level 1.2 Throwing
 + Level 3.1 Dodging


You had 2 spell levels left.
You didn't know any spells.
Your spell library was empty.

Dungeon Overview and Level Annotations

Branches:
Dungeon (3/15)

Altars:
Nemelex Xobeh


Innate Abilities, Weirdness & Mutations

Your plain brown scales are hard. (AC +5)
You cannot fit into any form of body armour.
You are cold-blooded and may be slowed by cold attacks.


Message History

The gnoll shouts!
A gnoll comes into view. It is wielding a +0 spear.
The gnoll shouts!
A gnoll comes into view.
The gnoll moves out of view.
You hit the gnoll but do no damage.
Your tail-slap misses the gnoll.
The gnoll closely misses you.
The gnoll shouts!
You hit the gnoll.
The gnoll is moderately wounded.
The gnoll closely misses you. The gnoll barely misses you.
You barely miss the gnoll.
You tail-slap the gnoll, but do no damage.
The gnoll is moderately wounded.
The gnoll hits you but does no damage. The gnoll hits you with a +4 flail!!
Ouch! That really hurt!
The gnoll hits you from afar with a +0 spear!
* * * LOW HITPOINT WARNING * * *
The gnoll hits you with a +4 flail!
You die...

##...## #.# ##'##
#.# #.# #.# #.# #.#
##.## #g# ##...##
#.# #...^.# #g#
##...###########g#
####.####.......@.#
........<.#########
###########


You could see 3 gnolls.

Vanquished Creatures
  3 worms (D:2)
  A dart slug (D:2)
  10 bats
  3 giant cockroaches
  5 goblins
  6 hobgoblins
  A ball python (D:1)
  4 frilled lizards
  2 kobolds
  3 rats
38 creatures vanquished.

Notes
Turn   | Place    | Note
-------+----------+-------------------------------------------
     0 | D:1      | goulibeur the Draconian Berserker began the quest for the
                  | Orb.
     0 | D:1      | Reached XP level 1. HP: 19/19 MP: 1/1
   368 | D:1      | Reached XP level 2. HP: 26/26 MP: 2/2
   897 | D:2      | HP: 1/26 [frilled lizard (1)]
  1562 | D:2      | Reached skill level 1 in Throwing
  1652 | D:2      | Reached XP level 3. HP: 33/33 MP: 3/3
  2464 | D:3      | Found a sparkling altar of Nemelex Xobeh.
  2589 | D:3      | Mangled by a gnoll

Skill      XL: |  1  2 |
---------------+-------+-----
Dodging        | 3 |  3.1
Throwing       | 1 |  1.2
Fighting       | |  3.8
Maces & Flails | |  3.4

Action                   || total
-------------------------++-------
Melee: Mace              ||   118
       Tailslap          ||    10
 Stab: Sleeping          ||     1
  Eat: Chunk             ||     5
Armor: Skin              ||    38
Dodge: Dodged            ||    83
